 Dungeon Crawl Stone Soup version 0.27.0-1-g7a089689b8 (webtiles) character file.

Game seed: 16920319527451838208

1285 Anothat the Insei (level 8, -10/58 HPs)
             Began as an Octopode Monk on Aug 9, 2021.
             Was a Believer of Ru.
             Killed from afar by a steam dragon (24 damage)
             ... with a ball of steam
             ... on level 7 of the Dungeon.
             The game lasted 00:10:50 (5755 turns).

Anothat the Insei (Octopode Monk)                   Turns: 5755, Time: 00:10:51

Health: -10/58     AC:  1    Str: 12    XL:     8   Next: 55%
Magic:  17/17      EV: 17    Int: 12    God:    Ru [**....]
Gold:   237        SH:  0    Dex: 21    Spells: 7/7 levels left

rFire    . . .     SeeInvis .     - Unarmed
rCold    . . .     Faith    .   (no shield)
rNeg     . . .     Spirit   .   (helmet restricted)
rPois    .         Reflect  .   k - amulet of magic regeneration
rElec    .         Harm     .   e - +6 ring of dexterity
rCorr    .         Rampage  .   o - ring of magical power
Will     .....                  (no ring)
Stlth    ++++......             (no ring)
HPRegen  0.19/turn              (no ring)
MPRegen  0.40/turn              (no ring)
                                (no ring)
                                (no ring)

@: no status effects
A: almost no armour, amphibious, 8 rings, camouflage 1, gelatinous body 1, hated
by all, (nimble swimmer 1), tentacles
a: Renounce Religion


You were on level 7 of the Dungeon.
You worshipped Ru.
Ru was pleased with you.
You visited 1 branch of the dungeon, and saw 7 of its levels.

You collected 237 gold pieces.

Inventory:

Jewellery
 e - a +6 ring of dexterity (left tentacle)
 k - an amulet of magic regeneration (around mantle)
 o - a ring of magical power (right tentacle)
Wands
 c - a wand of flame (11)
 j - a wand of digging (4)
Scrolls
 b - a scroll of teleportation
 d - 5 scrolls of identify
 f - a scroll of enchant weapon
 g - a scroll of noise
 h - a scroll of enchant armour {unknown}


   Skills:
 + Level 6.4 Fighting
 + Level 6.4 Dodging
 - Level 3.2 Stealth
 + Level 6.5 Unarmed Combat


You had 7 spell levels left.
You didn't know any spells.
Your spell library contained the following spells:

 Spells                   Type           Power      Damage    Failure   Level
 Magic Dart               Conj           0%         1d3       32%         1
 Static Discharge         Conj/Air       0%         N/A       45%         2
 Gell's Gravitas          Tloc           0%         N/A       69%         3
 Mephitic Cloud           Conj/Pois/Air  0%         N/A       69%         3
 Teleport Other           Tloc           0%         N/A       69%         3
 Lightning Bolt           Conj/Air       0%         1d11      100%        5
 Dispersal                Tloc           0%         N/A       100%        6
 Maxwell's Capacitive Co  Air            0%         ∞         100%        8
 Call Imp                 Summ           Unusable   N/A       N/A         2

Dungeon Overview and Level Annotations

Branches:
Dungeon (7/15)             Temple (0/1) D:4

Altars:
Elyvilon
Hepliaklqana
Makhleb
Okawaru
Ru
Sif Muna
Trog
Xom
Zin
The Shining One

Shops:
D:5 :

Annotations:
D:6 Maggie


Innate Abilities, Weirdness & Mutations

You cannot wear most types of armour.
You are amphibious.
You can wear up to eight rings at the same time.
Your skin changes colour to match your surroundings (Stealth+).
Your rubbery body absorbs attacks. (AC +1, EV +1)
You are hated by all.
((You are camouflaged near water. (Stealth+)))
You have tentacles for arms and can constrict up to eight enemies at once.


Message History

Items here: ))))))))) [[[[[[[[ ††††††.
You start resting.
You hear a distant slurping noise.
HP restored.
There is a stone staircase leading up here.
Found a stone staircase leading down.
Found a great mace.
Found a stone staircase leading down.
A steam dragon comes into view.
The steam dragon breathes steam at you. The ball of steam hits you!
Found a glowing mace.
You see here a +0 great mace.
The steam dragon breathes steam at you. The ball of steam hits you!!
You see here a +0 great mace.
You tentacle-slap the steam dragon but do no damage.
You are engulfed in a cloud of scalding steam.
* * * LOW HITPOINT WARNING * * *
The steam dragon misses you. The steam dragon closely misses you.
The steam dragon bites you but does no damage.
The steam dragon misses you.
You tentacle-slap the steam dragon but do no damage.
The steam dragon bites you.
* * * LOW HITPOINT WARNING * * *
The steam dragon completely misses you.
You bludgeon the steam dragon! You squeeze the steam dragon.
The steam dragon is moderately wounded.
The steam dragon barely misses you. x2
You closely miss the steam dragon.
The steam dragon is moderately wounded.
The steam dragon misses you. The steam dragon closely misses you.
You tentacle-slap the steam dragon but do no damage.
Your squeeze misses the steam dragon.
The steam dragon is moderately wounded.
The steam dragon barely misses you. x2
You closely miss the steam dragon.
The steam dragon is moderately wounded.
The steam dragon breathes steam at you. The ball of steam hits you!!
You die...

. . .#. ..# #
#.# +. #.#######
#. #.#.....##
#..#........##
#..#)....>...#
#..D@........#
#..#..>......#
....)#.........#
##...
#.........# #.##
##.......## #.
#.........# #
#.........#
#.........#
#.........#


You could see a steam dragon (catching breath).

Vanquished Creatures
  A steam dragon (D:4)
  A water moccasin (D:4)
  A sky beast (D:6)
  A necrophage (D:4)
  An ice beast (D:6)
  3 ogres
  2 scorpions
  A water moccasin zombie (D:5)
  A howler monkey (D:6)
  3 hounds (D:4)
  Ijyb (D:4)
  2 orc wizards (D:7)
  A hound zombie (D:5)
  4 adders
  A worm (D:3)
  4 dart slugs
  10 orcs
  5 endoplasms
  10 hobgoblins
  4 jackals
  11 kobolds
  4 quokkas
  5 ball pythons
  3 bats
  2 frilled lizards
  8 goblins
  A quokka skeleton (D:4)
  2 rats (D:1)
93 creatures vanquished.

Vanquished Creatures (others)
  A quokka skeleton (D:4)
1 creature vanquished.

Grand Total: 94 creatures vanquished

Notes
Turn   | Place    | Note
-------+----------+-------------------------------------------
     0 | D:1      | Anothat the Octopode Monk began the quest for the Orb.
     0 | D:1      | Reached XP level 1. HP: 16/16 MP: 1/1
   267 | D:1      | Reached XP level 2. HP: 18/21 MP: 2/2
   484 | D:1      | Found a faded altar of an unknown god.
   876 | D:1      | Reached XP level 3. HP: 21/26 MP: 3/3
  2481 | D:3      | Reached XP level 4. HP: 31/31 MP: 4/4
  2515 | D:3      | Found an iron altar of Okawaru.
  2885 | D:3      | Found a sacrificial altar of Ru.
  2885 | D:3      | Found a burning altar of Makhleb.
  2892 | D:3      | Found a faded altar of an unknown god.
  2894 | D:3      | Found a shimmering blue altar of Sif Muna.
  2896 | D:3      | Found a faded altar of an unknown god.
  2984 | D:3      | Became a worshipper of Ru the Awakened
  2987 | D:3      | Gained mutation: You are hated by all. [Ru sacrifice]
  2987 | D:3      | Reached * piety under Ru
  2987 | D:3      | Reached ** piety under Ru
  3220 | D:3      | Found a shimmering altar of Xom.
  3222 | D:3      | Noticed a spectral ugly thing
  3266 | D:4      | Noticed a scorpion
  3273 | D:4      | Killed a scorpion
  3274 | D:4      | Reached XP level 5. HP: 30/37 MP: 5/5
  3472 | D:4      | Found a white marble altar of Elyvilon.
  3498 | D:4      | Found a glowing golden altar of the Shining One.
  3498 | D:4      | Found a bloodstained altar of Trog.
  3535 | D:4      | Noticed a steam dragon
  3536 | D:4      | Found a staircase to the Ecumenical Temple.
  3543 | D:4      | Noticed Ijyb
  3546 | D:4      | HP: 1/37 [something/ball of steam (20)]
  3562 | D:5      | Entered Level 5 of the Dungeon
  3584 | D:5      | Reached XP level 6. HP: 16/44 MP: 6/6
  3795 | D:5      | Found Sinab's Book Boutique.
  3797 | D:5      | Noticed a water moccasin
  3969 | D:4      | Found a glowing silver altar of Zin.
  4403 | D:4      | Killed Ijyb
  4407 | D:4      | Reached skill level 5 in Unarmed Combat
  4407 | D:4      | Reached XP level 7. HP: 16/49 MP: 7/7
  4610 | D:4      | Killed a steam dragon
  4611 | D:4      | Reached skill level 5 in Fighting
  4611 | D:4      | Reached skill level 5 in Dodging
  5079 | D:5      | You fall into a shaft and drop 2 floors!
  5083 | D:7      | Noticed a two-headed ogre
  5096 | D:6      | Reached XP level 8. HP: 8/57 MP: 8/8
  5591 | D:6      | Noticed Maggie
  5755 | D:7      | Killed from afar by a steam dragon

Illustrated notes

Levels and vault maps discovered:
D:1:      tarquinn_simple_flora_water_f, layout_loops_corners,
          shapermc_ecumenical_altar_acropolis
D:2:      layout_basic
D:3:      layout_rooms, regret_index_temple_of_mockery,
          chequers_temple_overflow_minitemple, mainiacjoe_overflow_24_doors,
          wander_ebering_terrifying_dragon_lair
D:4:      layout_rooms, nicolae_overflow_hidden_temple,
          grunt_temple_overflow_open, minmay_temple_entry_ruins,
          grunt_ministairs_4, uniq_ijyb
D:5:      layout_rooms, serial_shops, nicolae_stop_n_shop_1,
          lightli_ossuary_entry_decrepit_ruins, uniq_edmund
D:6:      kennysheep_big_flooded_room, layout_basic, uniq_menkaure, uniq_maggie
D:7:      minmay_the_grid_plus [minmay_the_grid_eight, minmay_the_grid_odd_star,
          minmay_the_grid_small_cups, minmay_the_grid_minigrid_small_alt,
          minmay_the_grid_prize_shrinking_boxes], layout_rooms,
          nicolae_gozag_cash_rules_everything_around_me, minivault_1

Skill      XL: |  1  2  3  4  5  6  7  8 |
---------------+-------------------------+-----
Stealth        | 3 |  3.2
Fighting       | 4 5 6 |  6.4
Dodging        | 4 5 6 |  6.4
Unarmed Combat | 4 5 6 |  6.5

Action                   |  1- 3 |  4- 6 |  7- 9 || total
-------------------------+-------+-------+-------++-------
Melee: Unarmed           |    81 |    80 |    72 ||   233
       Constrict         |    22 |    18 |    13 ||    53
       Tentacles         |    15 |    22 |    20 ||    57
       Punch             |     2 |     1 |     8 ||    11
Invok: Sacrifice Love    |       |     1 |       ||     1
Evoke: Wand              |       |     6 |    10 ||    16
  Use: Potion            |       |     6 |     1 ||     7
       Scroll            |       |     6 |       ||     6
 Stab: Sleeping          |    13 |     8 |     1 ||    22
Armor: Skin              |     4 |     2 |     1 ||     7
Dodge: Dodged            |    39 |    49 |    40 ||   128
